 Dungeon Crawl Stone Soup version 0.22.0-38-g04b72b8 (webtiles) character file.

1269 orange3 the Cleaver (level 8, -3/71 HPs)
             Began as a Minotaur Berserker on Aug 31, 2018.
             Was an Elder of Trog.
             Splashed by a jelly's acid (8 damage)
             ... on level 6 of the Dungeon.
             The game lasted 00:19:56 (4027 turns).

orange3 the Cleaver (Minotaur Berserker)            Turns: 4027, Time: 00:19:57

Health: -3/71      AC: 12    Str: 24    XL:     8   Next: 28%
Magic:  7/7        EV:  8    Int:  4    God:    Trog [****..]
Gold:   262        SH:  0    Dex: 10    Spells: 7/7 levels left

rFire    . . .     SeeInvis .   A - +0 war axe
rCold    . . .     Gourm    .   (no shield)
rNeg     . . .     Faith    .   v - +0 plate armour
rPois    .         Spirit   .   (helmet restricted)
rElec    .         Reflect  .   (no cloak)
rCorr    .         Harm     .   (no gloves)
MR       .....     Rnd*Tele +   (no boots)
Stlth    ..........             (no amulet)
HPRegen  0.21/turn              r - ring of attention (curse)
MPRegen  0.10/turn              l - ring of teleportation (curse)

@: berserk cooldown, slowed, drained, very slow
A: retaliatory headbutt, horns 2
a: Berserk, Trog's Hand, Brothers in Arms, Renounce Religion


You were on level 6 of the Dungeon.
You worshipped Trog.
Trog was greatly pleased with you.
You were not hungry.

You visited 1 branch of the dungeon, and saw 6 of its levels.

You collected 262 gold pieces.

Inventory:

Hand Weapons
 a - a +0 hand axe
 m - a +0 trident
 z - a +0 halberd
 A - a +0 war axe (weapon)
 F - a +0 halberd
Armour
 b - a +0 animal skin
 h - a +0 ring mail
 v - a +0 plate armour (worn)
Jewellery
 l - a cursed ring of teleportation (right hand)
 r - a cursed ring of attention (left hand)
 x - an uncursed ring of protection from fire
 E - the ring of Xyunucei {Fire rPois rN+ Str+3, unknown}
   (You took it off a goblin on level 5 of the Dungeon)

   [ring of fire]

   It enhances your fire magic.
   It affects your strength (+3).
   It protects you from fire.
   It makes you vulnerable to cold.
   It protects you from poison.
   It protects you from negative energy.
Wands
 w - a wand of flame (19)
 B - a wand of scattershot (6)
 C - a wand of digging (11)
Scrolls
 f - 2 scrolls of blinking {unknown}
 j - 2 scrolls of magic mapping {unknown}
 o - a scroll of fog {unknown}
 q - 4 scrolls of identify {unknown}
 s - 3 scrolls of teleportation {unknown}
 t - 2 scrolls of enchant armour {unknown}
 y - 2 scrolls of remove curse {unknown}
Potions
 d - 3 potions of degeneration {unknown}
 e - 3 potions of might {unknown}
 g - 2 potions of haste {unknown}
 i - a potion of brilliance {unknown}
 k - 4 potions of curing {unknown}
 n - a potion of mutation {unknown}
 p - a potion of cancellation {unknown}
 u - 2 potions of heal wounds {unknown}
 D - 2 potions of lignification {unknown}
Comestibles
 c - 11 rations


   Skills:
 + Level 6.5(6.1) Fighting
 + Level 9.1(8.7) Axes
 + Level 6.1(5.7) Armour
 + Level 3.5(3.1) Dodging
 + Level 0.7(0.3) Stealth


You had 7 spell levels left.
You didn't know any spells.
Your spell library contained the following spells:

 Spells                   Type           Power        Failure   Level  Hunger
 Freeze                   Ice            #...         100%        1    ##.....
 Leda's Liquefaction      Hex/Erth       #.........   100%        4    #####..
 Petrify                  Tmut/Erth      #.......     100%        4    #####..
 Metabolic Englaciation   Hex/Ice        #.........   100%        5    ######.
 Simulacrum               Ice/Necr       #.........   100%        6    #######


Dungeon Overview and Level Annotations

Branches:
Dungeon (6/15)
 Temple: D:4-7

Altars:
Gozag
Nemelex Xobeh
Okawaru
Uskayaw
Wu Jian


Innate Abilities, Weirdness & Mutations

You reflexively headbutt those who attack you in melee.
You have a pair of horns on your head.


Message History

A jelly comes into view.
The jelly quivers.
The shadow imp hits you.
* * * LOW HITPOINT WARNING * * *
You see here a bullfrog corpse.
You closely miss the shadow imp. You headbutt the shadow imp.
The shadow imp is lightly wounded.
The shadow imp barely misses you.
You slash the shadow imp!
You kill the shadow imp!
Trog accepts your kill.
You see here a peridot ring.
You feel a strong urge to attack something.
You are no longer berserk.
You are exhausted.
You feel yourself slow down. The jelly hits you.
* * * LOW HITPOINT WARNING * * *
You are splashed with acid!
The acid burns!
You die...

#. #.... #.###......
..$.$..... #.........
#........ ##...... ...
<#######...#.## . ..
......#..=..J.#....
.##### #....†.@.......
.....#####))............
####.)##...)........$...
###.........<......#....
....#######.......## ...
....## #......!.. .#
†....# #.......### .
...>.# ##.....## .....#
##...##


You could see a jelly.

Vanquished Creatures
  Duvessa (D:5)
  A black bear (D:3)
  An ice beast (D:5)
  Blork the orc (D:5)
  A bullfrog (D:6)
  2 scorpions
  Dowan (D:5)
  5 wights (D:6)
  A howler monkey (D:5)
  A crimson imp (D:5)
  3 hounds
  An orc priest (D:5)
  An iguana (D:5)
  A worker ant (D:5)
  4 adders
  6 gnolls (D:5)
  2 shadow imps
  An adder skeleton (D:3)
  2 worms
  3 dart slugs (D:1)
  5 leopard geckos
  18 orcs
  8 bats
  5 giant cockroaches
  18 goblins
  10 hobgoblins
  9 jackals
  13 kobolds
  2 quokkas
  6 frilled lizards
  A giant cockroach zombie (D:5)
  A quokka zombie (D:5)
  7 rats
  2 plants (D:5)
144 creatures vanquished.

Notes
Turn   | Place    | Note
-------+----------+-------------------------------------------
     0 | D:1      | orange3 the Minotaur Berserker began the quest for the Orb.
     0 | D:1      | Reached XP level 1. HP: 19/19 MP: 0/0
   171 | D:1      | Reached XP level 2. HP: 24/27 MP: 1/1
   394 | D:1      | Reached skill level 4 in Axes
   649 | D:1      | Reached ** piety under Trog
   649 | D:1      | Reached XP level 3. HP: 26/34 MP: 2/2
   899 | D:2      | Found an opulent altar of Gozag.
  1015 | D:2      | Found a hide-covered altar of Uskayaw.
  1086 | D:2      | Found a sparkling altar of Nemelex Xobeh.
  1101 | D:2      | Reached XP level 4. HP: 41/41 MP: 3/3
  1622 | D:3      | Noticed a black bear
  1628 | D:3      | Killed a black bear
  1628 | D:3      | Reached skill level 5 in Axes
  1628 | D:3      | Reached XP level 5. HP: 35/47 MP: 4/4
  1814 | D:3      | Reached *** piety under Trog
  1850 | D:3      | Found a faded altar of an unknown god.
  2528 | D:4      | Reached skill level 6 in Axes
  2528 | D:4      | Reached XP level 6. HP: 55/55 MP: 5/5
  2672 | D:4      | Reached skill level 5 in Fighting
  2875 | D:5      | Entered Level 5 of the Dungeon
  2932 | D:5      | Noticed Blork the orc
  2937 | D:5      | Killed Blork the orc
  3036 | D:5      | Found an iron altar of Okawaru.
  3060 | D:5      | Reached XP level 7. HP: 61/61 MP: 6/6
  3089 | D:5      | Reached skill level 7 in Axes
  3206 | D:5      | Reached **** piety under Trog
  3229 | D:5      | Reached skill level 5 in Armour
  3376 | D:5      | Noticed Dowan
  3376 | D:5      | Noticed Duvessa
  3379 | D:5      | Identified the Guide on the Snowflakes and the Rocks
  3415 | D:5      | Killed Dowan
  3415 | D:5      | Reached skill level 8 in Axes
  3419 | D:5      | Killed Duvessa
  3462 | D:5      | Found an ornate altar of the Wu Jian Council.
  3533 | D:5      | Got a scorched golden ring
  3990 | D:6      | Reached XP level 8. HP: 62/70 MP: 7/7
  4007 | D:6      | Reached skill level 9 in Axes
  4027 | D:6      | Splashed by a jelly's acid

Skill      XL: |  1  2  3  4  5  6  7  8 |
---------------+-------------------------+-----
Fighting       | 4 5 6 |  6.5
Axes           | 4 5 6 8 9 |  9.1
Armour         | 3 4 5 6 |  6.1
Dodging        | 3 |  3.5
Stealth        | |  0.7

Action                   |  1- 3 |  4- 6 |  7- 9 || total
-------------------------+-------+-------+-------++-------
Melee: Hand axe          |    78 |   148 |   127 ||   353
       Headbutt          |    10 |    34 |    36 ||    80
       War axe           |       |       |    34 ||    34
Invok: Berserk           |       |     1 |     4 ||     5
       Trog's Hand       |       |       |     1 ||     1
  Eat: Ration            |     1 |     1 |     2 ||     4
       Chunk             |       |     1 |       ||     1
Armor: Ring mail         |    16 |    25 |       ||    41
       Animal skin       |     4 |       |       ||     4
       Plate armour      |       |    34 |   108 ||   142
Dodge: Dodged            |    54 |    69 |    71 ||   194
